 Dungeon Crawl Stone Soup version 0.31-a0-1074-g0b22e4e0f1 (webtiles) character file.

Game seed: 4932875003718358508

52119 jasper the Bludgeoner (level 14, -3/144 HPs)
             Began as a Troll Gladiator on Dec 8, 2023.
             Was the Champion of Okawaru.
             Slain by a black mamba (12 damage)
             ... on level 5 of the Lair of Beasts.
             The game lasted 00:26:57 (14431 turns).

jasper the Bludgeoner (Troll Gladiator)            Turns: 14431, Time: 00:26:57

Health: -3/144     AC: 17    Str: 25    XL:     14   Next: 26%
Magic:  18/18      EV:  9    Int:  4    God:    Okawaru [******]
Gold:   803        SH:  0    Dex: 15    Spells: 13/13 levels left

rFire   . . .        g - +0 giant club (vamp)
rCold   . . .        (shield currently unavailable)
rNeg    . . .        U - +2 swamp dragon scales
rPois   +            R - +0 hat
rElec   .            z - +0 cloak
rCorr   .            (gloves unavailable)
SInv    .            (boots unavailable)
Will    +....        L - amulet of the acrobat
Stlth   +            h - +4 ring of slaying
HPRegen 1.24/turn    M - +4 ring of protection
MPRegen 0.16/turn

%: acrobat
@: no status effects
A: large, unfitting armour, claws 3, regeneration 1, shaggy fur 1, tough skin 1
a: Renounce Religion, Heroism, Finesse, Duel


You were on level 5 of the Lair of Beasts.
You worshipped Okawaru.
Okawaru was exalted by your worship.
You visited 3 branches of the dungeon, and saw 17 of its levels.

You collected 958 gold pieces.
You spent 155 gold pieces at shops.

Inventory:

Hand Weapons
 g - a +0 vampiric giant club (weapon)
 K - a +0 giant spiked club of venom
 W - the +7 great mace of the Priest {protect, rCorr}
   (Okawaru gifted it to you on level 4 of the Lair of Beasts)

   rCorr:     It protects you from acid and corrosion.
Missiles
 d - 3 throwing nets
 e - 8 poisoned darts (quivered)
 m - 4 curare-tipped darts
 G - 11 large rocks
 Q - 6 atropa-tipped darts
 Y - 5 silver javelins
Armour
 b - a +0 robe
 c - a +0 hat
 z - a +0 cloak (worn)
 D - +1 steam dragon scales
 J - +0 acid dragon scales
 R - a +0 hat (worn)
 U - +2 swamp dragon scales (worn)
Jewellery
 h - a +4 ring of slaying (left claw)
 p - a ring of flight
 A - a ring of ice
 E - a ring of fire
 L - an amulet of the acrobat (around neck)
 M - a +4 ring of protection (right claw)
 N - a ring of wizardry
 O - a ring of wizardry
 V - a ring of positive energy
Talismans
 r - a beast talisman
Wands
 l - a wand of roots (10)
 q - a wand of flame (10)
 B - a wand of paralysis (7)
Scrolls
 a - 3 scrolls of enchant armour
 f - 13 scrolls of teleportation
 k - 5 scrolls of poison
 t - 2 scrolls of revelation
 u - 3 scrolls of immolation
 y - a scroll of vulnerability
 I - a scroll of identify
 P - a scroll of fear
 Z - a scroll of silence
Potions
 i - 15 potions of curing
 j - 2 potions of cancellation
 n - 4 potions of ambrosia
 o - 3 potions of enlightenment
 s - 2 potions of brilliance
 v - 2 potions of lignification
 w - a potion of haste
 x - a potion of mutation
 C - 4 potions of attraction
 F - a potion of might
 H - 2 potions of magic
 S - a potion of resistance
 X - a potion of heal wounds
Miscellaneous
 T - a lightning rod (4/4)


   Skills:
 + Level 10.7 Fighting
 * Level 16.2 Maces & Flails
 - Level 10.0 Throwing
 - Level 3.0 Armour
 - Level 2.4 Dodging
 + Level 6.8 Invocations


You had 13 spell levels left.
You didn't know any spells.
Your spell library contained the following spells:

 Spells                   Type           Power      Damage    Failure   Level
 Foxfire                  Conj/Fire      0%         2x1d4     65%         1
 Slow                     Hex            0%         N/A       65%         1
 Ensorcelled Hibernation  Hex/Ice        0%         N/A       78%         2
 Passwall                 Tmut/Erth      0%         N/A       78%         2
 Wereblood                Tmut           0%         N/A       78%         2
 Confusing Touch          Hex            0%         N/A       95%         3
 Sigil of Binding         Hex            0%         N/A       95%         3
 Swiftness                Air            0%         N/A       95%         3
 Vampiric Draining        Necr           0%         2d6       95%         3
 Olgreb's Toxic Radiance  Pois           0%         N/A       100%        4
 Irradiate                Conj/Tmut      0%         3d11      100%        5
 Plasma Beam              Fire/Air       0%         2x1d10    100%        6
 Starburst                Conj/Fire      0%         6d3       100%        6
 Discord                  Hex            0%         N/A       100%        8
 Ignition                 Fire           0%         3d3       100%        8


Dungeon Overview and Level Annotations

Branches:
Dungeon (11/15)            Temple (1/1) D:6            Lair (5/5) D:11
  Swamp (0/4) Lair:3        Snake (0/4) Lair:2        Slime (0/5) Lair:5
    Orc (0/2) D:11

Altars:
Ashenzari
Cheibriados
Dithmenos
Elyvilon
Fedhas
Gozag
Hepliaklqana
Kikubaaqudgha
Makhleb
Nemelex Xobeh
Okawaru
Qazlal
Ru
Sif Muna
Trog
Uskayaw
Vehumet
Wu Jian
Xom
Yredelemnul
Zin
The Shining One
Jiyva

Shops:
D:3 [**   D:8 *[

Annotations:
D:7 3 runed translucent doors
D:9 2 transporters, exclusion: ice statue, Fleche's ghost, novice GnRe


Innate Abilities, Weirdness & Mutations

You are too large for most types of armour.
You have claws for hands.
Your natural rate of healing is unusually fast.
You are covered in fur. (AC +1)
You have tough skin. (AC +1)


Message History

You feel sick. The black mamba bites you.
The wyvern bites you but does no damage.
The black mamba bites you! The wyvern closely misses you.
You take 13 damage, and have 72/144 hp.
You bludgeon the wyvern!!
You feel better.
The wyvern is severely wounded.
You feel sick. The black mamba bites you! The wyvern bites you!
You take 16 damage, and have 56/144 hp.
You hammer the wyvern like a gong!!!
You kill the wyvern!
Okawaru accepts your kill.
You feel sick.
The black mamba bites you but does no damage.
The black mamba bites you!
* * * LOW HITPOINT WARNING * * *
You are more poisoned.
The black mamba poisons you!
You take 13 damage, and have 43/144 hp.
You closely miss the black mamba.
The black mamba is severely wounded.
You feel very sick. The black mamba bites you!
* * * LOW HITPOINT WARNING * * *
You are more poisoned.
The black mamba poisons you!
You take 16 damage, and have 27/144 hp.
You barely miss the black mamba.
The black mamba is severely wounded.
* * * LOW HITPOINT WARNING * * *
You feel very sick.
The black mamba bites you but does no damage.
The molten gargoyle blasts magma at you!
The bolt of magma hits you!!
* * * LOW HITPOINT WARNING * * *
The black mamba bites you.
* * * LOW HITPOINT WARNING * * *
You take 25 damage, and have 2/144 hp.
Okay, then.
You feel better. The black mamba bites you!
You die...

## #..# ..### ≈# ≈#
##.# ...#8# ≈#≈≈≈
#.## ...... ≈#≈# #..#
...... #≈≈≈# #..#
....##≈≈≈# ##.##
..§#§§# #..## #S9§###
##..###
#@.##.#######.#.##
≈§###..#..8#8# #....#
≈≈≈§≈≈......## ###...
§≈§§≈§#......######..
####≈§§.........####†
##≈≈≈#.........#..
#≈§≈≈##.......†#.
#≈≈........####.#
.#≈#.....).## ###


You could see a black mamba and a molten gargoyle.

Vanquished Creatures
  An eleionoma (Lair:3)
  6 hydras
  Fannar (D:10)
  An alligator (Lair:3)
  2 boulder beetles
  4 catoblepae
  A two-headed ogre (D:9)
  2 swamp dragons (Lair:3)
  Pikel (D:6)
  A deep elf pyromancer (D:7)
  An ugly thing (D:11)
  2 manticores (D:7)
  11 elephants
  A cyclops (D:7)
  3 black mambas
  A molten gargoyle (Lair:5)
  10 cane toads
  A gargoyle (D:11)
  Psyche (D:10)
  10 komodo dragons
  Jeremiah (D:9)
  3 rime drakes
  An unseen horror (D:7)
  4 kobold demonologists (D:10)
  5 trolls
  8 hornets
  4 polar bears
  A tyrant leech (Lair:3)
  A slime creature (D:7)
  Sigmund (D:3)
  2 shadows
  4 wyverns
  2 vampires (D:9)
  2 wraiths
  Eustachio (D:6)
  5 basilisks
  54 yaks
  5 steam dragons
  12 vampire mosquitoes
  4 nagas (Lair:2)
  3 swamp worms (Lair:3)
  Menkaure (D:6)
  An acid dragon (D:11)
  17 water moccasins
  A hornet zombie (D:5)
  10 orc warriors
  A black bear (D:4)
  2 sky beasts (D:7)
  3 centaurs
  An ogre (D:5)
  2 ice beasts
  13 wolves
  A lemure (D:6)
  4 kobold brigands
  4 scorpions
  A wyvern zombie (D:5)
  9 bullfrogs
  A gnoll sergeant (D:5)
  14 wights
  9 killer bees
  7 electric eels
  8 howler monkeys
  A lava snake (Lair:5)
  9 hounds
  A jelly (D:7)
  A gnoll bouda (D:7)
  8 orc priests
  2 sleepcaps
  Jessica (D:3)
  3 iguanas
  13 orc wizards
  A scorpion zombie (D:5)
  A hound zombie (D:5)
  A howler monkey zombie (D:5)
  7 gnolls
  12 adders
  3 worms
  2 dart slugs (D:4)
  52 orcs
  6 endoplasms
  A giant cockroach (D:4)
  19 goblins
  15 hobgoblins
  A quokka (D:4)
  5 ball pythons
  2 bats
  5 frilled lizards
  21 kobolds
  3 rats
  A spectral orc (D:9)
491 creatures vanquished.

Vanquished Creatures (others)
  An orc wizard (D:8)
1 creature vanquished.

Grand Total: 492 creatures vanquished

Notes
Turn   | Place    | Note
-------+----------+-------------------------------------------
     0 | D:1      | jasper the Troll Gladiator began the quest for the Orb.
     0 | D:1      | Reached XP level 1. HP: 19/19 MP: 0/0
   335 | D:1      | Reached XP level 2. HP: 28/28 MP: 1/1
   392 | D:1      | Reached skill level 3 in Maces & Flails
   718 | D:2      | Reached XP level 3. HP: 35/35 MP: 2/2
  1154 | D:3      | Reached skill level 1 in Armour
  1196 | D:3      | Reached XP level 4. HP: 42/42 MP: 3/3
  1218 | D:3      | Noticed Sigmund
  1226 | D:3      | Killed Sigmund
  1227 | D:3      | Reached skill level 4 in Maces & Flails
  1227 | D:3      | Reached XP level 5. HP: 50/50 MP: 4/4
  1468 | D:3      | Noticed Jessica
  1470 | D:3      | Killed Jessica
  1471 | D:3      | Reached XP level 6. HP: 59/59 MP: 5/5
  1514 | D:3      | Found Ufrufuat's Antique Armour Emporium.
  1527 | D:3      | Identified the +5 ring mail of Gravitas {Dex+2}
  1627 | D:3      | Found Rytumpux's Assorted Antiques.
  1630 | D:3      | Bought a scroll of identify for 58 gold pieces
  1635 | D:3      | Found Gevveub's Assorted Antiques.
  1643 | D:3      | Bought a brown potion for 22 gold pieces
  1643 | D:3      | Bought a scroll of teleportation for 75 gold pieces
  1916 | D:4      | Found a shimmering blue altar of Sif Muna.
  2326 | D:4      | Reached skill level 5 in Maces & Flails
  2587 | D:5      | Entered Level 5 of the Dungeon
  2601 | D:5      | Reached XP level 7. HP: 36/67 MP: 6/6
  2968 | D:5      | Found a basalt altar of Yredelemnul.
  3027 | D:5      | Reached skill level 6 in Maces & Flails
  3067 | D:5      | Reached XP level 8. HP: 78/78 MP: 7/7
  3716 | D:6      | Noticed Eustachio
  3720 | D:6      | Killed Eustachio
  3722 | D:6      | Found an opulent altar of Gozag.
  3731 | D:6      | Reached skill level 7 in Maces & Flails
  3817 | D:6      | Found a staircase to the Ecumenical Temple.
  3829 | Temple   | Entered the Ecumenical Temple
  3847 | Temple   | Became a worshipper of Warmaster Okawaru
  3921 | D:6      | Reached skill level 5 in Throwing
  3956 | D:6      | Noticed Pikel
  3985 | D:6      | Killed Pikel
  3986 | D:6      | Reached XP level 9. HP: 62/87 MP: 8/8
  4096 | D:6      | Noticed Menkaure
  4098 | D:6      | Killed Menkaure
  4098 | D:6      | Reached * piety under Okawaru
  4099 | D:6      | Reached skill level 5 in Fighting
  4099 | D:6      | Reached skill level 8 in Maces & Flails
  4145 | D:6      | Reached skill level 1 in Invocations
  4812 | D:7      | Found a runed translucent door.
  4814 | D:7      | Noticed a boulder beetle
  4817 | D:7      | Noticed a cyclops
  4817 | D:7      | Noticed a manticore
  4818 | D:7      | Noticed a troll
  4822 | D:7      | Killed a manticore
  4822 | D:7      | Reached ** piety under Okawaru
  4823 | D:7      | Reached skill level 9 in Maces & Flails
  4823 | D:7      | Noticed a manticore
  4954 | D:8      | Reached XP level 10. HP: 98/98 MP: 11/11
  5070 | D:8      | Found Hecway's Gadget Gallery.
  5248 | D:8      | Found Zaemed's Antique Armour Shoppe.
  5363 | D:8      | Reached *** piety under Okawaru
  5370 | D:8      | Reached skill level 10 in Maces & Flails
  5499 | D:8      | Found a shadowy altar of Dithmenos.
  5683 | D:10     | Entered Level 10 of the Dungeon
  5923 | D:10     | Reached **** piety under Okawaru
  5924 | D:10     | Noticed an orange demon
  5931 | D:10     | Noticed an orange demon
  5934 | D:10     | Noticed a smoke demon
  5938 | D:10     | Reached XP level 11. HP: 102/107 MP: 12/12
  5964 | D:10     | Reached skill level 11 in Maces & Flails
  6101 | D:10     | Noticed Psyche
  6107 | D:10     | Killed Psyche
  6241 | D:10     | Noticed Fannar
  6245 | D:10     | Killed Fannar
  6546 | D:11     | Reached ***** piety under Okawaru
  6691 | D:11     | Noticed a green ugly thing
  6698 | D:11     | Killed a green ugly thing
  6745 | D:11     | Found a staircase to the Lair.
  7224 | D:11     | Reached skill level 12 in Maces & Flails
  7278 | D:11     | Found a staircase to the Orcish Mines.
  7388 | D:11     | Found a bloodstained altar of Trog.
  7867 | D:9      | Noticed Jeremiah
  7870 | D:9      | Noticed a brown ugly thing
  7873 | D:9      | Noticed a two-headed ogre
  7874 | D:9      | Noticed a two-headed ogre
  7995 | D:9      | Noticed a boulder beetle
  7996 | D:9      | Found a transporter.
  8001 | D:9      | Found a transporter.
  8028 | D:9      | Noticed Fleche's ghost (novice GnRe)
  8028 | D:9      | Paralysed by a hornet for 3 turns
  8034 | D:9      | Paralysed by a hornet for 2 turns
  8295 | D:9      | Killed a two-headed ogre
  8397 | D:9      | Killed Jeremiah
  8565 | D:9      | Found a hazy altar of Hepliaklqana.
  8635 | D:9      | Reached XP level 12. HP: 102/103 MP: 13/13
  8757 | D:7      | Found a runed translucent door.
  8759 | D:7      | Found a runed translucent door.
  8771 | D:7      | Killed a boulder beetle
  9132 | D:7      | Reached skill level 13 in Maces & Flails
  9172 | D:7      | Found a runed translucent door.
  9172 | D:7      | Found a runed translucent door.
  9236 | D:7      | Received a gift from Okawaru
  9751 | D:7      | Found a glowing golden altar of the Shining One.
  9862 | Lair:1   | Entered Level 1 of the Lair of Beasts
  9894 | Lair:1   | Identified a scroll of acquirement
  9894 | Lair:1   | Acquired a +4 ring of protection
  9927 | Lair:1   | Noticed a catoblepas
  9934 | Lair:1   | Killed a catoblepas
 10549 | Lair:1   | Received a gift from Okawaru
 10855 | Lair:2   | Noticed a catoblepas
 10863 | Lair:2   | Killed a catoblepas
 10864 | Lair:2   | Reached skill level 10 in Throwing
 10891 | Lair:2   | Reached skill level 14 in Maces & Flails
 10959 | Lair:2   | Noticed a boulder beetle
 10966 | Lair:2   | Killed a boulder beetle
 11053 | Lair:2   | Found a staircase to the Snake Pit.
 11075 | Lair:2   | Received a gift from Okawaru
 11164 | Lair:2   | You fall into a shaft and drop 1 floor!
 11165 | Lair:3   | Noticed an alligator
 11176 | Lair:3   | Reached XP level 13. HP: 115/131 MP: 12/14
 11182 | Lair:3   | Found a staircase to the Swamp.
 11182 | Lair:3   | Noticed an eleionoma
 11187 | Lair:3   | Killed an eleionoma
 11415 | Lair:3   | Received a gift from Okawaru
 11678 | Lair:3   | Reached skill level 15 in Maces & Flails
 11687 | Lair:3   | Reached skill level 5 in Invocations
 11996 | Lair:3   | Reached skill level 10 in Fighting
 12734 | Lair:4   | Reached ****** piety under Okawaru
 12735 | Lair:4   | Acquired the +7 great mace of the Priest {protect, rCorr}
 12735 | Lair:4   | Received a gift from Okawaru
 12739 | Lair:4   | Acquired a +0 hat
 12739 | Lair:4   | Received a gift from Okawaru
 13061 | Lair:4   | Paralysed by a hornet for 1 turns
 13197 | Lair:4   | Received a gift from Okawaru
 13524 | Lair:5   | Entered Level 5 of the Lair of Beasts
 13770 | Lair:5   | Found a staircase to the Slime Pits.
 13770 | Lair:5   | Found a viscous altar of Jiyva.
 13777 | Lair:5   | Reached XP level 14. HP: 126/144 MP: 17/17
 14135 | Lair:5   | Received a gift from Okawaru
 14136 | Lair:5   | Reached skill level 16 in Maces & Flails
 14430 | Lair:5   | HP: 3/144 [molten gargoyle/bolt of magma (19)]
 14431 | Lair:5   | Slain by a black mamba

Illustrated notes

Levels and vault maps discovered:
D:1:      erik_arrival_blinker_ship, layout_basic, grunt_decor_mini_mirrors
D:2:      cheibrodos_greedy_goblins, layout_rooms
D:3:      layout_basic, serial_shops, nicolae_shop_tiny_real_fake_doors, shop,
          shop, uniq_jessica, uniq_sigmund
D:4:      layout_loops_ring, nicolae_overflow_crystal_walls, saegor_snake_ambush
D:5:      layout_layer_cave, nicolae_yredelemnul_corpse_copse
D:6:      layout_basic, mainiacjoe_overflow_tiny_flanked,
          minmay_temple_entry_waves, grunt_ministairs_15, uniq_pikel,
          uniq_menkaure, uniq_eustachio
D:7:      minmay_the_grid_triangle_9x9_recursive_2
          [minmay_the_grid_triangle_9x9_prize_schism,
          minmay_the_grid_triangle_9x9_tough_junction,
          minmay_the_grid_triangle_9x9_fully_insulated_deathbox,
          minmay_the_grid_triangle_9x9_empty], layout_loops_ring, tso_altar,
          kennysheep_potato
D:8:      layout_gridville, nicolae_dithmenos_the_darkroom, serial_shops,
          kennysheep_mini_moat, nicolae_shop_gadgets
D:9:      layout_cave_pools, nicolae_hepliaklqana_monster_ancestors,
          nzn_ghost_randoct, uniq_jeremiah
D:10:     layout_irregular_city, uniq_fannar, uniq_psyche
D:11:     layout_long_grid, erik_lair_island, david_orc_4,
          chequers_serial_rivers_marsh, trog_hazing_becter
Temple:   nicolae_temple_bog_church
Lair:1:   layout_gridlike, serial_bayou_shore_a
Lair:2:   layout_regular_city, minmay_snake_entry_guardpost_medium, uniq_maggie
Lair:3:   onia_ninara_swampy_vault, layout_regular_city,
          alex1729_swamp_entry_worm_eleionoma, minivault_25
Lair:4:   layout_roguey, dreamdust_wasp_nest
Lair:5:   cheibrodos_lair_end_hotspot, layout_big_grid, slime_entry_1,
          infiniplex_staircase_pool_2, serial_bayou_shore_b

Skill      XL: |  1  2  3  4  5  6  7  8  9 10 11 12 13 14 |
---------------+-------------------------------------------+-----
Maces & Flails | 3 4 5 6 7 9 10 12 14 15 16 | 16.2
Throwing       | 2 3 4 5 6 7 9 10 | 10.0
Fighting       | 2 3 4 5 6 8 9 10 | 10.7
Armour         | 1 2 3 |  3.0
Invocations    | 3 6 |  6.8
Dodging        | |  2.4

Action                     |  1- 3 |  4- 6 |  7- 9 | 10-12 | 13-15 || total
---------------------------+-------+-------+-------+-------+-------++-------
  Melee: Flail             |   103 |    60 |     9 |       |       ||   172
         Punch             |     1 |     1 |       |       |     3 ||     5
         Giant club        |       |       |   164 |   662 |   312 ||  1138
         Unarmed           |       |       |       |    18 |       ||    18
         Mace              |       |       |       |       |   112 ||   112
  Throw: Boomerang         |    34 |    13 |     7 |    29 |    64 ||   147
         Throwing net      |       |     1 |       |       |       ||     1
         Stone             |       |    48 |    11 |       |       ||    59
         Large rock        |       |     1 |    17 |    30 |       ||    48
         Dart              |       |       |       |     7 |     6 ||    13
 Invoke: Heroism           |       |       |     2 |    10 |     6 ||    18
         Receive Weapon    |       |       |       |       |     1 ||     1
         Receive Armour    |       |       |       |       |     1 ||     1
  Evoke: Wand              |       |       |       |    15 |       ||    15
    Use: Scroll            |     8 |     1 |     7 |    15 |     5 ||    36
         Potion            |       |       |     1 |     3 |     1 ||     5
   Stab: Held in net/web   |       |     1 |       |       |       ||     1
         Distracted        |       |       |       |     1 |       ||     1
         Petrified         |       |       |       |       |     3 ||     3
 Armour: Robe              |    81 |    42 |    58 |       |       ||   181
         Steam dragon scal |       |       |    93 |   265 |       ||   358
         Acid dragon scale |       |       |       |   369 |   155 ||   524
         Skin              |       |       |       |     4 |       ||     4
         Swamp dragon scal |       |       |       |       |   399 ||   399
  Dodge: Dodged            |    53 |    24 |    96 |   414 |   271 ||   858
  Block: Kite shield       |       |     6 |     2 |       |       ||     8

Table legend: (Time is in decaauts)
 A = Elapsed time spent in this place.
 B = Non-inter-level travel time spent in this place.
 C = Inter-level travel time spent in this place.
 D = Time resting spent in this place.
 E = Time spent auto-exploring this place.
 F = Levels seen in this place.
 G = Mean time per level.
                   A        B        C        D        E       F      G
               +--------+--------+--------+--------+--------+-----+--------+
         Total |  14456 |  13975 |    481 |    549 |   9839 |  17 |  850.4 |
       Dungeon |   9936 |   9558 |    378 |    445 |   6706 |  11 |  903.3 |
        Temple |     36 |      2 |     34 |      0 |      0 |   1 |   36.0 |
          Lair |   4483 |   4414 |     69 |    104 |   3133 |   5 |  896.6 |
               +--------+--------+--------+--------+--------+-----+--------+

Top non-repeatable levels by time:
     D:7: 1505 daAuts
  Lair:3: 1356 daAuts
    D:11: 1162 daAuts
     D:5: 1128 daAuts
  Lair:4: 1073 daAuts
    D:10: 967 daAuts
     D:8: 949 daAuts
     D:9: 903 daAuts
     D:4: 887 daAuts
  Lair:1: 836 daAuts
  Lair:5: 772 daAuts
     D:6: 686 daAuts
     D:2: 588 daAuts
     D:1: 586 daAuts
     D:3: 570 daAuts
